 Dungeon Crawl Stone Soup version 0.19.5 (webtiles) character file.

8 tidbits the Grave Robber (level 2, -6/17 HPs)
             Began as a High Elf Necromancer on Dec 13, 2017.
             Killed from afar by a dart slug (7 damage)
             ... with a slug dart
             ... on level 1 of the Dungeon.
             The game lasted 00:02:26 (403 turns).

tidbits the Grave Robber (High Elf Necromancer)      Turns: 403, Time: 00:02:27

Health: -6/17      AC:  2    Str:  7    XL:     2   Next: 0%
Magic:  1/6        EV: 13    Int: 18    God:
Gold:   21         SH:  0    Dex: 15    Spells: 1 memorised, 5 levels left

rFire  . . .     SeeInvis .     c - 2 bread rations
rCold  . . .     Gourm    .     d - +0 robe
rNeg   . . .     Faith    .     (no shield)
rPois  .         Spirit   .     (no helmet)
rElec  .         Reflect  .     (no cloak)
rCorr  .         Harm     .     (no gloves)
MR     .....                    (no boots)
Stlth  ++........               (no amulet)
                                (no ring)
                                (no ring)

@: very slightly contaminated
A: no striking features
a: no special abilities


You were on level 1 of the Dungeon.
You were not hungry.

You visited 1 branch of the dungeon, and saw 2 of its levels.

You collected 21 gold pieces.

Inventory:

Hand Weapons
 a - a +0 club
   (You took it off a kobold on level 1 of the Dungeon)
 k - a +2 vampiric whip
   (You took it off a kobold on level 1 of the Dungeon)
Missiles
 e - 28 poisoned needles
 h - 40 stones (quivered)
Armour
 d - a +0 robe (worn)
Scrolls
 i - a scroll of blinking {unknown}
Potions
 f - a potion of berserk rage
 g - a potion of agility {unknown}
 j - a potion of haste {unknown}
Books
 b - a book of Necromancy

   Spells                             Type                      Level
   a - Pain                           Necromancy                   1
   b - Animate Skeleton               Necromancy                   1
   c - Vampiric Draining              Necromancy                   3
   d - Regeneration                   Charms/Necromancy            3
   e - Animate Dead                   Necromancy                   4
   f - Control Undead                 Necromancy                   4
Comestibles
 c - 2 bread rations (in hand)


   Skills:
 - Level 2.1 Dodging
 - Level 2.1 Stealth
 + Level 2.9 Spellcasting
 * Level 3.4 Necromancy


You had 5 spell levels left.
You knew the following spells:

 Your Spells              Type           Power        Failure   Level  Hunger
a - Pain                  Necr           ##..         4%          1    None


Dungeon Overview and Level Annotations

Branches:
Dungeon (2/15)

Altars:


Message History

Unknown command.
It was a potion of berserk rage.
A red film seems to cover your vision as you go berserk!
You feel yourself moving faster!
You feel mighty! The kobold completely misses you.
You are too berserk!
Unknown command.
You feel a strong urge to attack something.
Really attack while wielding your 2 bread rations?
Okay, then.
Really attack while wielding your 2 bread rations?
You closely miss the kobold.
The kobold is moderately wounded.
The kobold barely misses you.
You closely miss the kobold.
The kobold is moderately wounded.
The kobold barely misses you.
You clumsily bash the kobold.
You kill the kobold!
You have reached level 2!
Things that are here:
a vampiric whip; a kobold corpse
k - a vampiric whip You feel a strong urge to attack something.
You are no longer berserk.
You are exhausted.
You feel yourself slow down.
Unknown command.
Okay, then.
You swing at nothing.
You swing at nothing.
You swing at nothing.
You swing at nothing.
You swing at nothing.
You swing at nothing.
You swing at nothing.
You swing at nothing.
You swing at nothing.
You swing at nothing.
You swing at nothing.
You swing at nothing.
You swing at nothing.
You swing at nothing.
You swing at nothing.
You swing at nothing.
You swing at nothing.
You swing at nothing.
You swing at nothing.
You swing at nothing.
You swing at nothing.
You swing at nothing.
You feel yourself speed up.
You see here a kobold skeleton.
You feel less exhausted.
Found 15 stones.
Found 8 poisoned needles.
Okay, then.
e - 28 poisoned needles (gained 8)
h - 40 stones (gained 15)
Found a stone staircase leading down.
Found a scroll labeled ANAILE QURUA and 12 gold pieces.
A dart slug comes into view.
Casting: Pain
Confirm with . or Enter, or press ? or * to list all spells.
Aiming: Pain
Press: ? - help, Shift-Dir - straight line, f - dart slug
Aim: a dart slug (clinging, chance to defeat MR: 85%)
The dart slug writhes in agony!
Casting: Pain
Confirm with . or Enter, or press ? or * to list all spells.
Aiming: Pain
Press: ? - help, Shift-Dir - straight line, f/p - dart slug
Aim: a dart slug (moderately wounded, chance to defeat MR: 85%)
You miscast Pain.
You are very lightly contaminated with residual magic.
Nothing appears to happen.
Casting: Pain
Confirm with . or Enter, or press ? or * to list all spells.
Aiming: Pain
Press: ? - help, Shift-Dir - straight line, f/p - dart slug
Aim: a dart slug (moderately wounded, chance to defeat MR: 85%)
The dart slug writhes in agony!
Casting: Pain
Confirm with . or Enter, or press ? or * to list all spells.
Aiming: Pain
Press: ? - help, Shift-Dir - straight line, f/p - dart slug
Aim: a dart slug (almost dead, chance to defeat MR: 85%)
The dart slug barely resists.
The dart slug launches a dart at you. The slug dart hits you!
* * * LOW HITPOINT WARNING * * *
Casting: Pain
Confirm with . or Enter, or press ? or * to list all spells.
Aiming: Pain
Press: ? - help, Shift-Dir - straight line, f/p - dart slug
Aim: a dart slug (almost dead, chance to defeat MR: 85%)
The dart slug writhes in agony!
The dart slug launches a dart at you. The slug dart hits you!
You die...

##.................#
#.####.#.#######.......#
#........# #...÷...#
######.#.# #.......#
#...# #.......# ##..#
#........ #..# #......##
#..# #..[#.... #@.#
#.....### #......>#
#####.##§ #.......#
#.#≈§ #...w...# #.#§§
#...$?..# #.#≈§
#.......# #.#≈§
######### #.#§§ #.#≈§
#.#≈§


You could see a dart slug.

Vanquished Creatures
  A bat (D:1)
  2 jackals (D:1)
  2 kobolds (D:1)
  A frilled lizard (D:1)
  A rat (D:1)
7 creatures vanquished.

Notes
Turn   | Place    | Note
-------+----------+-------------------------------------------
     0 | D:1      | tidbits the High Elf Necromancer began the quest for the Orb.
     0 | D:1      | Reached XP level 1. HP: 11/11 MP: 4/4
   335 | D:1      | Reached XP level 2. HP: 7/17 MP: 2/6
   403 | D:1      | Killed from afar by a dart slug

Action                   || total
-------------------------++-------
 Cast: Pain              ||    22
  Use: Potion            ||     1
Armor: Robe              ||     3
Dodge: Dodged            ||     4

Table legend:
 A = Turns spent in this place as a percentage of turns spent in the entire game.
 B = Non-inter-level travel turns spent in this place as a percentage of non-inter-level travel turns spent in the entire game.
 C = Inter-level travel turns spent in this place as a percentage of turns spent in this place.
 D = Turns resting spent in this place as a percentage of non-inter-level travel turns spent in this place.
 E = Turns spent auto-exploring this place as a percentage of non-inter-level travel turns spent in this place.
 F = Non-inter-level travel turns spent in this place divided by the number of levels of this place that you've seen.
                   A       B       C       D       E      F
               +-------+-------+-------+-------+-------+----------------------
         Total | 100.0 | 100.0 |   0.3 |   0.0 |   0.0 | 179.0
       Dungeon | 100.0 | 100.0 |   0.3 |   0.0 |   0.0 | 179.0
               +-------+-------+-------+-------+-------+----------------------

Table legend:
 A = Kills in this place as a percentage of kills in entire the game.
 B = Kills by you in this place as a percentage of kills by you in the entire game.
 C = Kills by friends in this place as a percentage of kills by friends in the entire game.
 D = Other kills in this place as a percentage of other kills in the entire game.
 E = Experience gained in this place as a percentage of experience gained in the entire game.
 F = Experience gained in this place divided by the number of levels of this place that you have seen.
                   A       B       C       D       E      F
               +-------+-------+-------+-------+-------+----------------------
         Total | 100.0 | 100.0 |  -nan |  -nan | 100.0 |   6.0
       Dungeon | 100.0 | 100.0 |  -nan |  -nan | 100.0 |   6.0
               +-------+-------+-------+-------+-------+----------------------

Vault maps used:
D:1:      saegor_arrival_miasma, tso_altar
D:2:      first_bread, minmay_hexomino_c4
